 Dungeon Crawl Stone Soup version 0.21-a0-201-g8501b10 (webtiles) character file.

1853 Lavandula the Chopper (level 9, -4/62 (69) HPs)
             Began as a Ghoul Ice Elementalist on Aug 18, 2017.
             Was an Initiate of Gozag.
             Killed from afar by an electric eel (10 damage)
             ... with a bolt of electricity
             ... on level 8 of the Dungeon.
             The game lasted 00:35:47 (4826 turns).

Lavandula the Chopper (Ghoul Ice Elementalist)      Turns: 4826, Time: 00:35:48

HP:   -4/62 (69)    AC:  6    Str: 13    XL:     9   Next: 12%
MP:   12/12         EV: 15    Int: 11    God:    Gozag
Gold: 110           SH:  0    Dex: 10    Spells: 4/14 levels left

rFire    . . .     SeeInvis .   x - +0 broad axe (elec)
rCold    + . .     Gourm    .   (no shield)
rNeg     + + +     Faith    .   a - +0 robe
rPois    ∞         Spirit   .   (no helmet)
rElec    .         Reflect  .   r - +2 cloak
rCorr    .         Harm     .   (no gloves)
MR       .....                  B - +0 pair of boots
Stlth    ++........             E - amulet of magic regeneration
HPRegen  0.00/turn              o - +2 ring of evasion
MPRegen  0.38/turn              (no ring)

@: rotting
A: rotting body, claws 1, carnivore 3, cold resistance 1, negative energy
resistance 3, inhibited regeneration, torment resistance, unbreathing
a: Potion Petition, Call Merchant, Bribe Branch, Renounce Religion


You were on level 8 of the Dungeon.
You worshipped Gozag.
Gozag was aware of your devotion.
You were not hungry.

You visited 2 branches of the dungeon, and saw 9 of its levels.
You also visited: Ossuary.

You collected 894 gold pieces.
You spent 604 gold pieces at shops.
You paid 180 gold pieces to Gozag.

Inventory:

Hand Weapons
 v - a +2 whip of freezing
 x - a +0 broad axe of electrocution (weapon)
Armour
 a - a +0 robe (worn)
 j - a +0 leather armour
 r - a +2 cloak (worn)
 B - a +0 pair of boots (worn)
Jewellery
 o - a +2 ring of evasion (left claw)
 E - an amulet of magic regeneration (around neck)
Wands
 m - a wand of digging (12/24)
 D - a wand of disintegration (9/24)
Scrolls
 d - a scroll of blinking
 e - a scroll of brand weapon
 g - a scroll of recharging {unknown}
 k - 3 scrolls of fog
 p - 3 scrolls of fear
 s - 2 scrolls of magic mapping
 y - a scroll of random uselessness {unknown}
 z - a scroll of enchant armour {unknown}
 A - a scroll of enchant weapon {unknown}
 C - a scroll of remove curse
Potions
 f - a potion of invisibility {unknown}
 h - 4 potions of curing
 i - 4 potions of brilliance {unknown}
 l - a potion of agility {unknown}
 n - a potion of cancellation {unknown}
 t - a potion of mutation {unknown}
 u - a potion of flight {unknown}
 w - a potion of resistance {unknown}
Books
 b - a book of Frost

   Spells                             Type                      Level
   a - Freeze                         Ice                          1
   b - Throw Frost                    Conjuration/Ice              2
   c - Ozocubu's Armour               Charms/Ice                   3
   d - Throw Icicle                   Conjuration/Ice              4
   e - Summon Ice Beast               Ice/Summoning                4
 q - a book of Minor Magic

   Spells                             Type                      Level
   a - Magic Dart                     Conjuration                  1
   b - Blink                          Translocation                2
   c - Call Imp                       Summoning                    2
   d - Slow                           Hexes                        2
   e - Conjure Flame                  Conjuration/Fire             3
   f - Mephitic Cloud                 Conjuration/Poison/Air       3
Comestibles
 c - a meat ration


   Skills:
 - Level 3.0 Fighting
 + Level 7.2 Axes
 - Level 3.7 Dodging
 - Level 2.1 Stealth
 - Level 3.4 Unarmed Combat
 - Level 3.2 Spellcasting
 - Level 0.7 Conjurations
 - Level 3.2 Summonings
 - Level 4.4 Ice Magic


You had 4 spell levels left.
You knew the following spells:

 Your Spells              Type           Power        Failure   Level  Hunger
a - Freeze                Ice            ##..         4%          1    #......
b - Ozocubu's Armour      Chrm/Ice       #.......     30%         3    ###....
c - Throw Frost           Conj/Ice       #.....       14%         2    ###....
d - Blink                 Tloc           N/A          36%         2    ###....
e - Call Imp              Summ           #.......     11%         2    ###....


Dungeon Overview and Level Annotations

Branches:
Dungeon (8/15)             Temple (1/1) D:5
   Lair: D:8-11

Altars:
Ashenzari
Dithmenos
Elyvilon
Fedhas
Gozag
Kikubaaqudgha
Makhleb
Nemelex Xobeh
Okawaru
Qazlal
Ru
Sif Muna
Trog
Uskayaw
Vehumet
Yredelemnul
Zin
The Shining One

Shops:
D:5 (*(*?

Annotations:
D:4 Sigmund
D:5 exclusion: orc priest, Eustachio, Prince Ribbit
D:6 Dowan


Innate Abilities, Weirdness & Mutations

Your body is rotting away.
You thrive on raw meat.
You are immune to poison.
You have sharp fingernails.
You are carnivorous and can eat meat at any time.
Your flesh is cold resistant. (rC+)
You are immune to negative energy. (rN+++)
You do not regenerate when monsters are visible.
You are immune to unholy pain and torment.
You can survive without breathing.


Message History

Okay, then.
You start resting.
Your icy armour evaporates.
You start resting.
A wight comes into view. It is wielding a flail.
Found 14 gold pieces.
There is a stone staircase leading down here.
You climb downwards.
An adder, a bullfrog, an electric eel, a skeleton and a simulacrum come into view.
The electric eel shoots out a bolt of lightning at you!
The bolt of electricity hits you!
* * * LOW HITPOINT WARNING * * *
Found seven items.
There is a stone staircase leading up here.
Okay, then.
The adder hisses angrily.
The bullfrog croaks.
The electric eel shoots out a bolt of lightning at you!
The bolt of electricity hits you!
You die...
Your body crumbles into a pile of gold.

).......... #
#..!....!.
..##!.......
...........# #
.........##.$
#...........
#...........
#...@...≈≈≈.
#.../.≈≈.≈≈.
#.S.......≈.
#Z.≈≈≈≈≈≈≈≈≈ $
≈≈≈≈≈Z.≈≈≈;≈≈
.#..F...%..≈≈.
.
#..........≈≈
#......$.#...


You could see a bullfrog, an electric eel, an adder, a worker ant simulacrum and
a bullfrog skeleton.

Vanquished Creatures
  A hippogriff (D:7)
  A hog (D:7)
  A hungry ghost (D:6)
  A water moccasin (D:5)
  2 sky beasts
  A centaur (D:7)
  A water moccasin skeleton (D:4)
  A crimson imp (D:5)
  A centaur zombie (D:6)
  A hound (D:5)
  3 orc priests (D:7)
  An orc wizard (D:7)
  4 iguanas
  Jessica (D:2)
  4 mummies (Ossuary)
  A worker ant zombie (D:5)
  5 adders
  4 gnolls (D:4)
  An adder skeleton (D:4)
  An adder zombie (D:5)
  2 dart slugs
  A worm (D:5)
  7 orcs
  9 bats
  4 giant cockroaches
  2 gnoll zombies (Ossuary)
  5 goblins
  6 hobgoblins
  5 jackals
  4 kobolds
  3 quokkas
  3 frilled lizards
  2 hobgoblin zombies (Ossuary)
  2 kobold zombies (Ossuary)
  A leopard gecko skeleton (D:4)
  2 orc zombies (Ossuary)
  A quokka skeleton (D:5)
  5 rats
100 creatures vanquished.

Vanquished Creatures (collateral kills)
  A sky beast (D:5)
  4 ogres
  2 bullfrogs (D:7)
  A wyvern skeleton (D:7)
  A hound (D:6)
  4 mummies (Ossuary)
  An adder (D:5)
  A leopard gecko (D:7)
  An orc (D:7)
  A quokka zombie (D:5)
17 creatures vanquished.

Vanquished Creatures (others)
  An orc (D:7)
1 creature vanquished.

Grand Total: 118 creatures vanquished

Notes
Turn   | Place    | Note
-------+----------+-------------------------------------------
     0 | D:1      | Lavandula the Ghoul Ice Elementalist began the quest for the Orb.
     0 | D:1      | Reached XP level 1. HP: 14/14 MP: 2/2
    25 | D:1      | Reached skill level 1 in Unarmed Combat
    69 | D:1      | Reached XP level 2. HP: 17/20 MP: 0/3
   333 | D:2      | Reached XP level 3. HP: 20/25 MP: 2/4
   338 | D:2      | Learned a level 3 spell: Ozocubu's Armour
   394 | D:2      | Noticed Jessica
   423 | D:2      | Killed Jessica
   423 | D:2      | Reached XP level 4. HP: 25/33 MP: 1/6
   652 | D:4      | Reached XP level 5. HP: 17/38 MP: 3/8
   742 | D:4      | Learned a level 2 spell: Throw Frost
   751 | D:4      | Noticed Sigmund
  1048 | D:4      | Learned a level 2 spell: Blink
  1049 | D:5      | Entered Level 5 of the Dungeon
  1177 | D:5      | Noticed a water moccasin
  1258 | D:5      | Killed a water moccasin
  1258 | D:5      | Reached XP level 6. HP: 35/51 MP: 1/9
  1271 | D:5      | Found Cerisut's Magic Scroll Shoppe.
  1272 | D:5      | Noticed Prince Ribbit
  1276 | D:5      | Found Votyixu's Weapon Shoppe.
  1282 | D:5      | Found a sand-covered staircase.
  1352 | Ossuary  | Entered an ossuary
  1423 | Ossuary  | Learned a level 2 spell: Call Imp
  1740 | Ossuary  | Reached skill level 1 in Summonings
  2243 | D:5      | Found Mynuphue's General Store.
  2267 | D:5      | Found Saaxidof's General Store.
  2269 | D:5      | Noticed a sky beast
  2283 | D:5      | Killed a sky beast
  2283 | D:5      | Reached XP level 7. HP: 28/57 MP: 0/10
  2292 | D:5      | Bought a scroll of blinking for 105 gold pieces
  2292 | D:5      | Bought a potion of degeneration for 14 gold pieces
  2294 | D:5      | Noticed Eustachio
  2892 | D:5      | Found a staircase to the Ecumenical Temple.
  2901 | Temple   | Entered the Ecumenical Temple
  2936 | Temple   | Became a worshipper of Gozag Ym Sagoz the Greedy
  3093 | D:5      | Found Afrael's Antique Weapon Emporium.
  3227 | D:5      | Bought a +0 broad axe of electrocution for 156 gold pieces
  3301 | D:6      | Noticed Dowan
  3389 | D:5      | Reached skill level 1 in Axes
  3524 | D:7      | Reached skill level 2 in Axes
  3524 | D:7      | Reached XP level 8. HP: 50/61 MP: 5/11
  3646 | D:6      | Reached skill level 3 in Axes
  3810 | D:6      | Reached skill level 4 in Axes
  4164 | D:7      | Reached skill level 5 in Axes
  4286 | D:8      | Noticed a hippogriff
  4286 | D:8      | Noticed a hippogriff
  4408 | D:7      | Reached skill level 6 in Axes
  4466 | D:5      | Bought a scroll of brand weapon for 280 gold pieces
  4466 | D:5      | Bought a scroll of fear for 49 gold pieces
  4702 | D:7      | Noticed a hippogriff
  4713 | D:7      | Killed a hippogriff
  4713 | D:7      | Reached skill level 7 in Axes
  4713 | D:7      | Reached XP level 9. HP: 29/62 MP: 12/12
  4826 | D:8      | Killed from afar by an electric eel

Vault maps used:
D:1:      dpeg_arrival_tiny_k
D:2:      chequers_ecumenical_altar_simple, uniq_jessica
D:3:      first_bread
D:4:      uniq_ijyb, uniq_sigmund, uniq_crazy_yiuf_cottage
D:5:      minmay_temple_entry_junction, enter_ossuary_5, serial_shops,
          nicolae_shop_behind_doors, shop, nicolae_shop_trees, shop,
          nicolae_shop_behind_doors, corexii_shack, uniq_eustachio,
          uniq_prince_ribbit1
D:6:      kennysheep_generic_room_4, uniq_duvessa
D:7:      st_stairs_12, grunt_livestock, kennysheep_doodads,
          minmay_misc_feat_doors
D:8:      serial_ice, serial_ice_a, serial_ice_d, serial_ice_h, serial_ice_k,
          uniq_joseph, uniq_maurice
Temple:   kilobyte_greek_temple
Ossuary:  ossuary_tomb_3

Skill      XL: |  1  2  3  4  5  6  7  8 |
---------------+-------------------------+-----
Unarmed Combat | 1 2 3 |  3.4
Spellcasting   | 2 3 |  3.2
Ice Magic      | 4 |  4.4
Fighting       | 3 |  3.0
Summonings     | 3 |  3.2
Dodging        | 3 |  3.7
Axes           | 2 7 |  7.2
Stealth        | |  2.1
Conjurations   | |  0.7

Action                   |  1- 3 |  4- 6 |  7- 9 || total
-------------------------+-------+-------+-------++-------
Melee: Unarmed           |    68 |   181 |    77 ||   326
       Punch             |     1 |     2 |     1 ||     4
       Broad axe         |       |       |    79 ||    79
 Cast: Freeze            |    25 |    32 |     5 ||    62
       Ozocubu's Armour  |       |     4 |    10 ||    14
       Throw Frost       |       |     1 |       ||     1
       Call Imp          |       |    21 |    31 ||    52
Evoke: Wand              |       |       |     2 ||     2
  Use: Scroll            |       |     8 |     2 ||    10
       Potion            |       |     3 |     2 ||     5
 Stab: Sleeping          |     1 |       |     5 ||     6
       Distracted        |       |     1 |     2 ||     3
  Eat: Chunk             |     7 |    13 |     2 ||    22
       Royal jelly       |       |     1 |     1 ||     2
       Meat ration       |       |       |     2 ||     2
Armor: Robe              |    19 |    41 |    55 ||   115
Dodge: Dodged            |    49 |   105 |   132 ||   286
